 Dungeon Crawl Stone Soup version 0.20-a0-971-g5896763 (webtiles) character file.

220 kidcy the Magician (level 5, -2/38 HPs)
             Began as a Mummy Wizard on Apr 8, 2017.
             Slain by a worker ant (4 damage)
             ... on level 4 of the Dungeon.
             The game lasted 00:11:26 (3788 turns).

kidcy the Magician (Mummy Wizard)                   Turns: 3788, Time: 00:11:27

Health: -2/38      AC:  5    Str: 10    XL:     5   Next: 64%
Magic:  1/13       EV: 12    Int: 19    God:
Gold:   180        SH:  0    Dex: 10    Spells: 4/15 levels left

rFire    x . .     SeeInvis .   b - +0 dagger
rCold    + + .     Gourm    .   (no shield)
rNeg     + + +     Faith    .   g - +0 robe
rPois    ∞         Spirit   .   k - +0 helmet
rElec    .         Reflect  .   (no cloak)
rCorr    .         Harm     .   i - +1 pair of gloves
MR       .....                  (no boots)
Stlth    ++........             (no amulet)
Regen    0.2/turn               e - ring of protection from cold
MPRegen  0.2/turn               (no ring)

@: no status effects
A: no food or potions, fire vulnerability, cold resistance 1, negative energy
resistance 3, torment resistance, unbreathing
a: no special abilities


You were on level 4 of the Dungeon.
You were not hungry.

You visited 1 branch of the dungeon, and saw 4 of its levels.

You collected 180 gold pieces.

Inventory:

Hand Weapons
 a - a +1 hunting sling
 b - a +0 dagger (weapon)
Missiles
 h - 54 stones (quivered)
Armour
 d - a +0 shield
 f - a +0 hat
 g - a +0 robe (worn)
 i - a +1 pair of gloves (worn)
 k - a +0 helmet (worn)
Jewellery
 e - a ring of protection from cold (left hand)
Scrolls
 j - 4 scrolls of identify
 l - a scroll of teleportation {unknown}
Books
 c - a book of Minor Magic

   Spells                             Type                      Level
   a - Magic Dart                     Conjuration                  1
   b - Blink                          Translocation                2
   c - Call Imp                       Summoning                    2
   d - Slow                           Hexes                        2
   e - Conjure Flame                  Conjuration/Fire             3
   f - Mephitic Cloud                 Conjuration/Poison/Air       3


   Skills:
 + Level 2.2 Fighting
 - Level 1.5 Dodging
 - Level 1.5 Stealth
 * Level 5.8 Spellcasting
 + Level 2.5 Conjurations
 - Level 0.7 Summonings
 - Level 0.7 Translocations
 * Level 1.0 Poison Magic


You had 4 spell levels left.
You knew the following spells:

 Your Spells              Type           Power        Failure   Level  Hunger
a - Magic Dart            Conj           ###.         4%          1    N/A
b - Blink                 Tloc           N/A          14%         2    N/A
c - Conjure Flame         Conj/Fire      ##......     21%         3    N/A
d - Mephitic Cloud        Conj/Pois/Air  ##......     21%         3    N/A
s - Call Imp              Summ           #.......     14%         2    N/A

Dungeon Overview and Level Annotations

Branches:
Dungeon (4/15)
 Temple: D:4-7

Altars:
Ashenzari

Shops:
D:4 =


Innate Abilities, Weirdness & Mutations

You do not eat or drink.
Your flesh is vulnerable to fire.
You are immune to poison.
Your flesh is cold resistant. (rC+)
You are immune to negative energy. (rN+++)
You are immune to unholy pain and torment.
You can survive without breathing.


Message History

The quokka bites you.
* * * LOW HITPOINT WARNING * * *
The worker ant barely misses you.
Unknown command.
You closely miss the worker ant.
The worker ant is heavily wounded.
The quokka bites you but does no damage.
The worker ant barely misses you.
Unknown command.
You hit the worker ant.
The worker ant is severely wounded.
The quokka bites you but does no damage.
The worker ant bites you.
* * * LOW HITPOINT WARNING * * *
The quokka closely misses you.
Unknown command.
You hit the worker ant but do no damage.
The worker ant is severely wounded.
The worker ant bites you.
You die...

########
#...O.r5
#.###### #.#
#.# #.#
##########
#r#
(.....a@5#
#.#
########r#
#O# #.# #.#
#.########.#
#...O.r....#
#.##########
###


You could see a worker ant, a quokka and a friendly white imp.

Vanquished Creatures
  An orc priest (D:3)
  An adder (D:2)
  A gnoll (D:3)
  2 oozes
  2 worms
  6 orcs (D:3)
  4 bats
  A giant cockroach (D:3)
  2 goblins
  2 hobgoblins
  4 frilled lizards
  8 kobolds
  4 rats
38 creatures vanquished.

Vanquished Creatures (collateral kills)
  An ogre (D:4)
  An orc priest (D:3)
  A worker ant (D:4)
  3 gnolls (D:3)
  2 worms (D:2)
  2 orcs (D:3)
  A giant cockroach (D:2)
  A goblin (D:3)
  A kobold (D:3)
13 creatures vanquished.

Grand Total: 51 creatures vanquished

Notes
Turn   | Place    | Note
-------+----------+-------------------------------------------
     0 | D:1      | kidcy the Mummy Wizard began the quest for the Orb.
     0 | D:1      | Reached XP level 1. HP: 13/13 MP: 5/5
   135 | D:1      | Reached skill level 1 in Conjurations
   373 | D:1      | Reached XP level 2. HP: 20/20 MP: 2/7
   443 | D:1      | Reached skill level 1 in Fighting
   819 | D:2      | Learned a level 2 spell: Blink
   822 | D:2      | Learned a level 2 spell: Call Imp
  1200 | D:2      | Reached XP level 3. HP: 26/26 MP: 6/8
  1223 | D:2      | Learned a level 3 spell: Conjure Flame
  2194 | D:3      | Found a shattered altar of Ashenzari.
  2247 | D:3      | Reached XP level 4. HP: 32/32 MP: 8/10
  2600 | D:3      | Reached skill level 5 in Spellcasting
  3309 | D:3      | Learned a level 3 spell: Mephitic Cloud
  3369 | D:4      | Found Haott's Jewellery Shop.
  3465 | D:4      | Reached XP level 5. HP: 38/38 MP: 13/13
  3703 | D:4      | Noticed an ogre
  3780 | D:4      | Killed an ogre
  3780 | D:4      | Reached skill level 1 in Poison Magic
  3788 | D:4      | Slain by a worker ant

Vault maps used:
D:1:      onia_arrival_mini_spirals, hangedman_abyss_or_decor_stabs,
          minmay_misc_feat_x
D:2:      minmay_split_cup_large
D:3:      lemuel_doored_altar, minmay_misc_feat_hallway
D:4:      serial_shops, shop, shop, kennysheep_little_box, nicolae_shop_crystal,
          shop, small_statue_intersection

Skill      XL: |  1  2  3  4  5 |
---------------+----------------+-----
Conjurations   | 1 2 |  2.5
Fighting       | 1 2 |  2.2
Spellcasting   | 5 |  5.8
Poison Magic   | 1 |  1.0
Dodging        | |  1.5
Stealth        | |  1.5
Summonings     | |  0.7
Translocations | |  0.7

Action                   |  1- 3 |  4- 6 || total
-------------------------+-------+-------++-------
Melee: Unarmed           |    10 |       ||    10
       Dagger            |    39 |    11 ||    50
 Fire: Hunting sling     |    16 |    53 ||    69
Throw: Stone             |     6 |       ||     6
 Cast: Magic Dart        |    59 |    15 ||    74
       Call Imp          |     8 |    18 ||    26
       Blink             |     3 |     4 ||     7
       Conjure Flame     |     2 |       ||     2
  Use: Scroll            |     3 |     3 ||     6
Armor: Robe              |    27 |    18 ||    45
Dodge: Dodged            |   111 |    49 ||   160
